General information
- name: BNet
- type: Ladder team game (AT/RT)
- host: Battle.net
- saver: Nigromancie
map: Battleground
- players: 8
- length: 54:21
- speed: Fast
- version: 1.26 W3XP
- replay type: Public
» download(297 KB)
Players
team 1 (winner)

»
PolishRage (
yellow | 48 APM | 2405 actions | 50:11)
5 Archmage
3 Summon Water Elemental
2 Brilliance Aura
2 Mountain King
1 Storm Bolt
1 Bash
» actions
| Assign group hotkey | 54 | |
| Basic commands | 37 | |
| Build / train | 77 | |
| Enter build submenu | 26 | |
| Enter hero's abilities submenu | 7 | |
| Right click | 1293 | |
| Select / deselect | 557 | |
| Select group hotkey | 260 | |
| Use ability | 93 | |
2405 total
» units
| Peasant | 11 | |
| Rifleman | 16 | |
| Priest | 3 | |
| Sorceress | 5 | |
| Siege Engine | 1 | |
| Flying Machine | 15 | |
| Forest Troll Berserker | 1 | |
52 total
» upgrades
| Sorceress Training | 2 | |
| Long Rifles | 1 | |
| Magic Sentry | 1 | |
| Gunpowder | 1 | |
| Armor | 1 | |
| Barrage | 1 | |
| Melee Weapons | 1 | |
| Spiked Barricades | 1 | |
9 total
» buildings
| Altar of Kings | 1 | |
| Farm | 15 | |
| Blacksmith | 1 | |
| Barracks | 1 | |
| Arcane Vault | 1 | |
| Keep | 1 | |
| Lumber Mill | 1 | |
| Arcane Sanctum | 2 | |
| Castle | 1 | |
| Scout Tower | 3 | |
| Town Hall | 1 | |
| Workshop | 2 | |
| Watch Tower | 1 | |
31 total
» build order
00:15 Altar of Kings
00:43 Farm
00:45 Farm
01:07 Blacksmith
01:12 Barracks
01:42 Farm
01:52 Farm
02:23 Arcane Vault
03:42 Keep
04:30 Farm
04:31 Farm
04:32 Farm
04:36 Farm
05:47 Lumber Mill
07:04 Arcane Sanctum
09:02 Castle
09:08 Farm
09:09 Farm
10:53 Arcane Sanctum
16:45 Scout Tower
16:49 Scout Tower
17:22 Scout Tower
19:13 Town Hall
19:47 Workshop
20:35 Farm
20:36 Farm
20:38 Farm
20:38 Farm
20:38 Farm
20:41 Workshop
39:23 Watch Tower
» items
| Scroll of Regeneration | 1 | |
| Scroll of Healing | 1 | |
| Scroll of Town Portal | 2 | |
| Potion of Healing | 1 | |
5 total

»
dr4t3r (
purple | 25 APM | 930 actions | 36:38)
6 Dark Ranger
3 Black Arrow
2 Life Drain
1 Charm
» actions
| Basic commands | 16 | |
| Build / train | 56 | |
| Enter build submenu | 22 | |
| Enter hero's abilities submenu | 6 | |
| Right click | 351 | |
| Select / deselect | 435 | |
| Use ability | 44 | |
930 total
» units
| Peasant | 9 | |
| Footman | 3 | |
| Rifleman | 4 | |
| Forest Troll Shadow Priest | 1 | |
| Gryphon Rider | 10 | |
27 total
» upgrades
| Swords | 3 | |
| Masonry | 1 | |
| Armor | 3 | |
| Lumber Harvesting | 1 | |
| Storm Hammers | 1 | |
| Animal War Training | 1 | |
| Gunpowder | 1 | |
| Plating | 1 | |
12 total
» buildings
| Altar of Kings | 2 | |
| Farm | 9 | |
| Barracks | 1 | |
| Blacksmith | 1 | |
| Lumber Mill | 1 | |
| Arcane Vault | 1 | |
| Keep | 1 | |
| Scout Tower | 2 | |
| Guard Tower | 2 | |
| Gryphon Aviary | 2 | |
| Castle | 1 | |
23 total
» build order
00:25 Altar of Kings
00:41 Farm
01:01 Barracks
01:22 Blacksmith
01:41 Lumber Mill
01:58 Arcane Vault
02:02 Farm
02:56 Farm
03:57 Keep
04:27 Farm
05:00 Scout Tower
05:40 Guard Tower
05:45 Scout Tower
05:50 Farm
06:30 Gryphon Aviary
06:35 Gryphon Aviary
06:45 Guard Tower
07:52 Castle
12:28 Farm
12:31 Farm
17:54 Farm
19:02 Farm
26:08 Altar of Kings
» items
| Scroll of Regeneration | 2 | |
| Orb of Fire | 1 | |
| Scroll of Town Portal | 1 | |
| Staff of Teleportation | 1 | |
5 total
Nigromancie (
green | 99 APM | 5368 actions | 54:21)
7 Archmage
3 Summon Water Elemental
3 Brilliance Aura
1 Mass Teleport
» actions
| Assign group hotkey | 187 | |
| Basic commands | 252 | |
| Build / train | 96 | |
| Enter build submenu | 61 | |
| Enter hero's abilities submenu | 7 | |
| Give item / drop item | 3 | |
| Remove unit from queue | 8 | |
| Right click | 2621 | |
| Select / deselect | 549 | |
| Select group hotkey | 1376 | |
| Use ability | 207 | |
5368 total
» units
| Peasant | 18 | |
| Footman | 2 | |
| Rifleman | 17 | |
| Flying Machine | 5 | |
42 total
» upgrades
| Long Rifles | 1 | |
| Lumber Harvesting | 2 | |
| Masonry | 2 | |
| Gunpowder | 3 | |
| Armor | 3 | |
| Magic Sentry | 1 | |
| Plating | 3 | |
| Flying Machine Bombs | 1 | |
| Flak Cannons | 1 | |
17 total
» buildings
| Altar of Kings | 1 | |
| Barracks | 5 | |
| Farm | 13 | |
| Blacksmith | 1 | |
| Arcane Vault | 2 | |
| Keep | 1 | |
| Lumber Mill | 1 | |
| Town Hall | 2 | |
| Scout Tower | 58 | |
| Guard Tower | 8 | |
| Castle | 1 | |
| Arcane Sanctum | 1 | |
| Workshop | 8 | |
102 total
» build order
00:38 Altar of Kings
00:48 Barracks
00:51 Farm
01:06 Farm
01:13 Farm
02:01 Farm
02:11 Blacksmith
03:30 Arcane Vault
03:32 Keep
04:40 Farm
05:02 Lumber Mill
06:38 Town Hall
07:09 Barracks
07:12 Farm
08:37 Scout Tower
08:38 Scout Tower
08:39 Scout Tower
08:40 Scout Tower
10:01 Guard Tower
11:11 Barracks
11:18 Barracks
11:35 Castle
11:57 Barracks
14:44 Town Hall
14:59 Farm
15:01 Farm
15:02 Farm
15:04 Farm
15:05 Farm
15:18 Scout Tower
15:18 Scout Tower
15:19 Scout Tower
15:20 Scout Tower
15:21 Scout Tower
15:22 Scout Tower
15:23 Scout Tower
15:26 Scout Tower
15:28 Scout Tower
15:52 Guard Tower
15:56 Scout Tower
15:58 Scout Tower
16:02 Scout Tower
16:06 Scout Tower
16:27 Farm
16:29 Farm
16:54 Arcane Sanctum
16:58 Guard Tower
17:47 Guard Tower
30:26 Arcane Vault
33:54 Workshop
33:55 Workshop
33:55 Workshop
33:56 Workshop
33:58 Workshop
34:00 Workshop
34:14 Workshop
34:14 Workshop
45:52 Scout Tower
45:53 Scout Tower
45:54 Scout Tower
45:55 Scout Tower
45:57 Scout Tower
45:59 Scout Tower
46:00 Scout Tower
46:01 Scout Tower
46:02 Scout Tower
46:03 Scout Tower
46:04 Scout Tower
46:04 Scout Tower
46:06 Scout Tower
46:06 Scout Tower
46:07 Scout Tower
46:08 Scout Tower
46:08 Scout Tower
46:09 Scout Tower
46:10 Scout Tower
46:11 Scout Tower
46:12 Scout Tower
46:13 Scout Tower
46:14 Scout Tower
46:15 Scout Tower
46:16 Scout Tower
46:17 Scout Tower
46:17 Scout Tower
46:18 Scout Tower
46:20 Scout Tower
46:21 Scout Tower
46:24 Scout Tower
46:25 Scout Tower
46:26 Scout Tower
46:26 Scout Tower
46:28 Scout Tower
46:29 Scout Tower
46:29 Scout Tower
46:30 Scout Tower
46:31 Scout Tower
46:32 Scout Tower
47:37 Guard Tower
47:39 Guard Tower
47:45 Scout Tower
48:22 Guard Tower
48:48 Guard Tower
» items
| Scroll of Regeneration | 3 | |
| Scroll of Town Portal | 1 | |
| Potion of Invisibility | 1 | |
| Boots of Speed | 1 | |
| Periapt of Vitality | 2 | |
| Staff of Teleportation | 1 | |
| Potion of Lesser Invulnerability | 1 | |
10 total
repent4lag. (
teal | 51 APM | 1786 actions | 35:03)
4 Firelord
2 Summon Lava Spawn
2 Soul Burn
» actions
| Assign group hotkey | 25 | |
| Basic commands | 169 | |
| Build / train | 55 | |
| Enter build submenu | 12 | |
| Enter hero's abilities submenu | 4 | |
| Give item / drop item | 1 | |
| Right click | 630 | |
| Select / deselect | 205 | |
| Select group hotkey | 638 | |
| Use ability | 47 | |
1786 total
» units
| Peon | 14 | |
| Grunt | 4 | |
| Wind Rider | 10 | |
| Raider | 4 | |
| Troll Headhunter/Berserker | 3 | |
35 total
» upgrades
| Envenomed Spears | 1 | |
| Reinforced Defenses | 1 | |
| Ranged Weapons | 2 | |
| Armor | 1 | |
5 total
» buildings
| Altar of Storms | 1 | |
| Orc Burrow | 6 | |
| Barracks | 1 | |
| Stronghold | 1 | |
| War Mill | 1 | |
| Voodoo Lounge | 1 | |
| Fortress | 1 | |
| Beastiary | 2 | |
14 total
» build order
00:10 Altar of Storms
00:18 Orc Burrow
00:37 Barracks
01:29 Orc Burrow
02:51 Stronghold
03:30 Orc Burrow
03:45 War Mill
04:21 Voodoo Lounge
04:46 Orc Burrow
05:15 Fortress
05:35 Beastiary
05:39 Beastiary
06:17 Orc Burrow
06:18 Orc Burrow
» items
| Staff of Teleportation | 1 | |
| Healing Salve | 2 | |
| Tiny Great Hall | 2 | |
| Scroll of Town Portal | 1 | |
| Potion of Healing | 1 | |
| Orb of Lightning | 1 | |
8 total
team 2 (loser)
bliblab (
red | 48 APM | 2600 actions | 54:18)
4 Archmage
2 Summon Water Elemental
2 Brilliance Aura
1 Paladin
1 Holy Light
1 Far Seer
1 Feral Spirit
» actions
| Assign group hotkey | 82 | |
| Basic commands | 565 | |
| Build / train | 106 | |
| ESC pressed | 10 | |
| Enter build submenu | 32 | |
| Enter hero's abilities submenu | 6 | |
| Give item / drop item | 1 | |
| Remove unit from queue | 2 | |
| Right click | 883 | |
| Select / deselect | 554 | |
| Select group hotkey | 235 | |
| Use ability | 124 | |
2600 total
» units
| Peasant | 29 | |
| Rifleman | 7 | |
| Mortar Team | 2 | |
| Grunt | 6 | |
| Troll Batrider | 22 | |
| Flying Machine | 13 | |
| Ogre Mauler | 1 | |
| Mud Golem | 1 | |
| Forest Troll Berserker | 1 | |
| Forest Troll Shadow Priest | 1 | |
83 total
» upgrades
| Gunpowder | 2 | |
| Plating | 1 | |
| Long Rifles | 1 | |
| Ranged Weapons | 3 | |
| Liquid Fire | 1 | |
| Flying Machine Bombs | 1 | |
9 total
» buildings
| Altar of Kings | 2 | |
| Farm | 10 | |
| Scout Tower | 1 | |
| Arcane Tower | 1 | |
| Barracks | 2 | |
| Blacksmith | 2 | |
| Keep | 1 | |
| Castle | 1 | |
| Arcane Sanctum | 1 | |
| Workshop | 4 | |
| Beastiary | 3 | |
| Voodoo Lounge | 1 | |
| Orc Burrow | 3 | |
| Fortress | 1 | |
| War Mill | 1 | |
34 total
» build order
00:08 Altar of Kings
00:21 Farm
00:22 Farm
00:35 Scout Tower
01:18 Arcane Tower
01:31 Farm
01:38 Farm
02:39 Barracks
02:40 Blacksmith
03:03 Barracks
03:43 Keep
04:22 Farm
04:23 Farm
04:57 Farm
05:12 Farm
06:59 Castle
07:48 Arcane Sanctum
07:50 Workshop
12:26 Beastiary
12:27 Beastiary
12:29 Voodoo Lounge
12:30 Orc Burrow
12:31 Orc Burrow
12:32 Orc Burrow
12:35 Beastiary
13:01 Fortress
13:13 War Mill
23:35 Blacksmith
23:36 Altar of Kings
24:48 Workshop
24:49 Workshop
24:53 Workshop
25:08 Farm
25:09 Farm
ACc_Tt_FUa (
pink | 59 APM | 1122 actions | 18:52)
5 Death Knight
2 Death Coil
3 Unholy Aura
3 Lich
2 Frost Armor
1 Frost Nova
» actions
| Basic commands | 18 | |
| Build / train | 64 | |
| Enter build submenu | 18 | |
| Enter hero's abilities submenu | 8 | |
| Remove unit from queue | 1 | |
| Right click | 685 | |
| Select / deselect | 274 | |
| Use ability | 54 | |
1122 total
» units
| Acolyte | 3 | |
| Ghoul | 4 | |
| Crypt Fiend | 10 | |
| Grunt | 14 | |
| Frost Wyrm | 5 | |
36 total
» upgrades
| Web | 1 | |
| Burrow | 1 | |
| Creature Attack | 2 | |
| Creature Carapace | 2 | |
| Berserker Strength | 1 | |
| Freezing Breath | 1 | |
8 total
» buildings
| Crypt | 1 | |
| Graveyard | 1 | |
| Ziggurat | 9 | |
| Altar of Darkness | 1 | |
| Tomb of Relics | 1 | |
| Nerubian Tower | 1 | |
| Halls of the Dead | 2 | |
| Black Citadel | 1 | |
| Sacrificial Pit | 1 | |
| Spirit Tower | 1 | |
| Boneyard | 2 | |
21 total
» build order
00:16 Crypt
00:38 Graveyard
01:05 Ziggurat
01:18 Altar of Darkness
01:48 Tomb of Relics
02:05 Ziggurat
02:06 Nerubian Tower
03:05 Ziggurat
04:23 Halls of the Dead
04:24 Halls of the Dead
05:37 Ziggurat
07:15 Black Citadel
07:21 Sacrificial Pit
08:41 Spirit Tower
08:54 Ziggurat
09:58 Boneyard
10:57 Boneyard
11:36 Ziggurat
13:08 Ziggurat
13:51 Ziggurat
16:26 Ziggurat
» items
| Rod of Necromancy | 2 | |
| Healing Salve | 1 | |
| Potion of Healing | 1 | |
4 total
Im_Nice. (
orange | 57 APM | 512 actions | 08:57)
2 Far Seer
1 Feral Spirit
1 Far Sight
» actions
| Basic commands | 7 | |
| Build / train | 18 | |
| Enter build submenu | 9 | |
| Enter hero's abilities submenu | 2 | |
| Right click | 367 | |
| Select / deselect | 91 | |
| Use ability | 18 | |
512 total
» units
» buildings
| Altar of Storms | 1 | |
| Barracks | 1 | |
| Orc Burrow | 3 | |
| Voodoo Lounge | 1 | |
| Stronghold | 1 | |
7 total
» build order
00:06 Altar of Storms
00:10 Barracks
00:35 Orc Burrow
01:52 Orc Burrow
02:21 Voodoo Lounge
03:12 Stronghold
04:54 Orc Burrow
» items
| Healing Salve | 1 | |
| Potion of Lesser Invulnerability | 1 | |
2 total
Negromuncher (
blue | 97 APM | 2850 actions | 29:30)
7 Death Knight
3 Death Coil
3 Unholy Aura
1 Animate Dead
» actions
| Assign group hotkey | 26 | |
| Basic commands | 175 | |
| Build / train | 78 | |
| Enter build submenu | 16 | |
| Enter hero's abilities submenu | 7 | |
| Give item / drop item | 9 | |
| Remove unit from queue | 49 | |
| Right click | 1470 | |
| Select / deselect | 438 | |
| Select group hotkey | 276 | |
| Use ability | 305 | |
2850 total
» units
| Acolyte | 7 | |
| Ghoul | 7 | |
| Crypt Fiend | 9 | |
| Gargoyle | 9 | |
| Obsidian Statue | 6 | |
38 total
» upgrades
| Creature Attack | 3 | |
| Creature Carapace | 3 | |
| Web | 1 | |
| Burrow | 1 | |
| Destroyer Form | 1 | |
| Ghoul Frenzy | 1 | |
| Stone Form | 1 | |
| Ranged Weapons | | |
11 total
» buildings
| Altar of Darkness | 1 | |
| Ziggurat | 7 | |
| Crypt | 2 | |
| Graveyard | 1 | |
| Tomb of Relics | 1 | |
| Nerubian Tower | 1 | |
| Halls of the Dead | 1 | |
| Spirit Tower | 6 | |
| Slaughterhouse | 1 | |
| Black Citadel | 1 | |
22 total
» build order
00:24 Altar of Darkness
00:25 Ziggurat
00:52 Crypt
01:16 Graveyard
01:35 Tomb of Relics
01:41 Nerubian Tower
02:09 Ziggurat
04:13 Halls of the Dead
04:55 Ziggurat
06:31 Spirit Tower
06:46 Slaughterhouse
06:48 Crypt
09:18 Ziggurat
09:45 Black Citadel
17:57 Ziggurat
17:58 Ziggurat
18:00 Ziggurat
19:00 Spirit Tower
19:01 Spirit Tower
19:02 Spirit Tower
19:03 Spirit Tower
19:04 Spirit Tower
» items
| Rod of Necromancy | 4 | |
| Potion of Healing | 5 | |
9 total
Chat log
(00:11 / All) ACc_Tt_FUa: polak?
(00:16 / All) PolishRage: where?
(00:18 / All) bliblab: penis like ?
(00:24 / All) Nigromancie: Polish people are cool
(00:32 / Allies) PolishRage: rifle/caster
(00:33 / All) Nigromancie: On average they hate niggers
(00:42 / All) ACc_Tt_FUa: nah
(00:56 / All) PolishRage: its true
(01:00 / All) Negromuncher: cd projekt red are a bunch of faggots though
(01:00 / All) ACc_Tt_FUa: they loves black puss
(01:13 / All) bliblab: who doesnt
(01:20 / All) PolishRage: jews
(01:21 / All) Nigromancie: Nasty
(02:25 / Allies) repent4lag.: im 25 and gonna be grounded shit
(02:29 / Allies) repent4lag.: got caught watching porn
(02:49 / All) Nigromancie: how did that conversation go
(03:01 / All) Negromuncher: ?
(03:13 / All) repent4lag.: atta boy from my dad and i cant believe i raised u wrong from my ma
(03:20 / All) Im_Nice.: KONY 2012
(05:52 / Allies) repent4lag.: lets creepjack red
(05:54 / Allies) repent4lag.: he is in midle
(06:00 / Allies) PolishRage: k
(06:06 / Allies) repent4lag.: i think
(06:28 / Allies) repent4lag.: come
(06:47 / Allies) repent4lag.: go
(06:49 / Allies) repent4lag.: middle left
(06:52 / Allies) repent4lag.: red is killing our inside man
(07:22 / Allies) repent4lag.: kill red
(07:23 / Allies) repent4lag.: NOT BLUE
(07:26 / All) Im_Nice.: gg
(07:30 / All) Im_Nice.: red is tking over one item
(07:39 / Allies) repent4lag.: b up
(07:41 / Allies) repent4lag.: hit red
(08:22 / Allies) repent4lag.: that was dumb
(08:24 / Allies) repent4lag.: creeps raped me
(12:32 / Allies) Nigromancie: wood
(13:27 / Allies) repent4lag.: help bob
(14:13 / Allies) repent4lag.: tp bob
(14:25 / All) bliblab: gj blue ur doing it
(14:26 / All) bliblab: keep going
(15:05 / All) Negromuncher: red tried killing me with peasants lol
(15:08 / All) repent4lag.: pink ur gonna get raped next battle
(15:13 / All) bliblab: what do you mean tried]
(15:17 / All) bliblab: i killed all your acolytes
(15:19 / All) Negromuncher: you didn't kill shit, 4 acolytes
(15:22 / All) Negromuncher: 1 remained son
(15:24 / All) bliblab: lawl
(15:31 / All) bliblab: you already lost the game kid
(15:36 / All) bliblab: just giving you a hard time
(15:53 / Allies) dr4t3r: one wyrm will freeze all towers
(17:25 / Allies) Nigromancie: wood
(17:27 / All) bliblab: too funny kid
(17:31 / All) bliblab: what part of you lost dont you understand
(17:41 / All) repent4lag.: red i determine who wins and loses
(17:44 / All) Negromuncher: We won faggot shut the fuck up and kill yourself
(18:30 / All) bliblab: yeah
(18:32 / All) bliblab: you won
(18:35 / All) bliblab: nice
(18:41 / All) bliblab: ur doin it
(18:43 / All) bliblab: keep winning
(18:58 / All) Negromuncher: just leave red we lost
(18:59 / All) bliblab: u got this blue
(19:06 / All) bliblab: i believe
(19:12 / All) repent4lag.: red stay and watch what happens
(19:18 / All) repent4lag.: fucking lag
(19:29 / All) Negromuncher: Don't encourage him fool
(22:04 / Allies) dr4t3r: ?
(22:12 / All) repent4lag.: HEIL KEVIN LOVE
(22:15 / Allies) PolishRage: they friends just messing around
(22:21 / Allies) PolishRage: green teal and red
(22:23 / Allies) PolishRage: or blue
(22:28 / Allies) dr4t3r: Are you muslim teal?
(22:41 / Allies) repent4lag.: IM LAGGING like a nigga
(24:05 / All) bliblab: lol blue has no workers and no main
(24:07 / All) bliblab: cant build
(24:15 / All) repent4lag.: we're killing our team it doesnt matter
(25:18 / Allies) dr4t3r: Why teal?
(25:28 / All) bliblab: lol cute
(25:32 / All) bliblab: nigger lovers are friends
(26:25 / All) bliblab: awww way to go green
(26:26 / Allies) dr4t3r: Yellow
(26:27 / All) bliblab: u did it
(26:32 / All) Negromuncher: shut the fuck up
(26:32 / All) Nigromancie: ez scrub
(26:33 / All) bliblab: saved ur boy
(26:34 / All) Nigromancie: beat it
(26:36 / All) Negromuncher: ex
(26:37 / All) Negromuncher: ez
(26:38 / All) Negromuncher: ez
(26:38 / All) Negromuncher: ez
(26:39 / All) Negromuncher: ez
(26:40 / All) Negromuncher: ez
(26:42 / All) bliblab: saved ur boyfriend
(26:43 / All) Negromuncher: get
(26:44 / All) Negromuncher: the
(26:45 / All) Negromuncher: fuck
(26:46 / All) Negromuncher: out
(26:48 / All) bliblab: ur cute
(26:49 / All) bliblab: keep typign
(27:27 / All) bliblab: LOL
(27:30 / All) bliblab: run from my mercs scrub
(28:36 / All) bliblab: mass rifle too good
(28:50 / Allies) Nigromancie: We have to kill rods stuff
(29:02 / Allies) repent4lag.: why
(29:14 / Allies) Nigromancie: he's being a baby lozl
(29:22 / Allies) Nigromancie: because he let red rape him
(29:57 / All) bliblab: gj kid
(30:01 / All) bliblab: u did it
(30:15 / Allies) dr4t3r: ?
(30:17 / Allies) dr4t3r: ?
(30:18 / Allies) dr4t3r: ?
(30:19 / All) dr4t3r: ?
(30:20 / All) dr4t3r: ?
(30:21 / All) dr4t3r: ?
(30:21 / All) repent4lag.: we are trying to train
(30:21 / All) dr4t3r: ?
(30:22 / All) dr4t3r: ?
(30:22 / All) bliblab: afk
(30:23 / All) dr4t3r: ?
(30:23 / All) dr4t3r: ?
(30:24 / All) repent4lag.: blue
(30:25 / All) dr4t3r: ?
(30:27 / All) dr4t3r: ?
(30:27 / All) dr4t3r: ?
(30:28 / All) dr4t3r: ?
(30:29 / All) dr4t3r: ?
(30:29 / All) dr4t3r: ?
(30:30 / All) dr4t3r: ?
(30:31 / All) dr4t3r: ?
(30:32 / All) dr4t3r: ?
(30:32 / All) dr4t3r: ?
(30:33 / All) dr4t3r: ?
(30:33 / All) dr4t3r: ?
(30:34 / All) dr4t3r: ?
(30:35 / All) dr4t3r: ?
(30:36 / All) dr4t3r: ?
(30:37 / All) dr4t3r: ?
(30:37 / All) dr4t3r: ?
(30:39 / All) dr4t3r: ?
(30:39 / All) dr4t3r: ?
(30:40 / All) dr4t3r: ?
(30:40 / All) dr4t3r: ?
(30:41 / All) dr4t3r: ?
(30:48 / All) dr4t3r: ?
(30:49 / All) dr4t3r: ?
(30:49 / All) dr4t3r: ?
(30:50 / All) dr4t3r: ?
(30:51 / Allies) Nigromancie: Rod let him rebuild and rape him with the stuff he could control too
(30:51 / All) dr4t3r: ?
(30:52 / All) dr4t3r: ?
(30:52 / All) dr4t3r: ?
(30:52 / All) dr4t3r: ?
(30:53 / All) dr4t3r: ?
(30:53 / All) dr4t3r: ?
(30:54 / All) dr4t3r: ?
(30:54 / All) dr4t3r: ?
(30:55 / All) dr4t3r: ?
(30:55 / Allies) Nigromancie: He can't whine about us
(32:59 / Allies) dr4t3r: Is this Highlander or something?
(33:07 / All) Nigromancie: There can be only one
(34:54 / Allies) Nigromancie: Lawl that would really piss rod off
(34:58 / Allies) Nigromancie: That he was raping him lozl
(35:00 / All) repent4lag.: ok im goign red if u stay u will get the win blue pissed us off
(35:03 / Allies) Nigromancie: I just thought he could handle it
(37:11 / Allies) Nigromancie: Stand off
(37:17 / Allies) Nigromancie: You will have equal chance at victory
(42:54 / Allies) Nigromancie: Did you kill his gyros or what
(44:34 / Allies) Nigromancie: Sure didn't
(44:53 / All) Nigromancie: Are you two familiar with standoffs?
(45:05 / All) Nigromancie: This is what we like to call the "Mexican Standoff"
(45:09 / All) Nigromancie: I will leave you with 0 units
(45:13 / All) Nigromancie: On both teams
(45:17 / All) Nigromancie: And no way to produce a unit
(45:31 / All) Nigromancie: The only way to win is if the other one loses his grit and alt QQs
(50:19 / All) Nigromancie: Aw
(50:22 / All) Nigromancie: What a coward
(50:31 / All) Nigromancie: HE quit before the standoff even began
(50:41 / All) Nigromancie: Red chat with me, I may let you win
(50:52 / All) Nigromancie: I believe blue ought to be punished
(51:13 / All) Nigromancie: He was raped, he ought to take it like a good bitch
(51:16 / All) Nigromancie: Instead of whining
(51:22 / All) Nigromancie: We had killed you
(51:26 / All) Nigromancie: He could use the same units
(51:33 / All) Nigromancie: The fault is his, don't you agree?
(52:21 / All) Nigromancie: I never leave a job half done, if I can help it
(53:07 / All) Nigromancie: Guess I'll go ahead and give you that sixth loss, since you have me talking to myself